 Dungeon Crawl Stone Soup version 0.23.1-37-gaa34b87 (webtiles) character file.

Game seed: 9224987591350773146

691051 Hasart the Merry Centaur (level 27, -9/250 HPs)
             Began as a Centaur Hunter on Mar 23, 2019.
             Was the Champion of the Shining One.
             Mangled by a death cob (20 damage)
             ... on level 4 of the Realm of Zot on Mar 24, 2019.
             The game lasted 04:15:15 (79840 turns).

Hasart the Merry Centaur (Centaur Hunter)          Turns: 79840, Time: 04:15:15

Health: -9/250     AC: 35    Str: 34    XL:     27
Magic:  0/38       EV: 16    Int: 15    God:    the Shining One [******]
Gold:   6243       SH: 14    Dex: 19    Spells: 49/49 levels left

rFire    + . .     SeeInvis .   T - +8 storm bow {elec}
rCold    + + +     Gourm    .   (shield currently unavailable)
rNeg     + + +     Faith    .   q - +6 plate armour of the Harvest {rElec rPois Stlth+}
rPois    +         Spirit   +   L - +1 helmet
rElec    +         Reflect  .   D - scarf {Spirit}
rCorr    .         Harm     .   s - +1 pair of gloves {archery}
MR       +++++                  W - +2 centaur barding "Morrimyl" {*Drain rC+ MR+++ Str+4}
Stlth    ..........             Z - amulet of the Sturgeon {+Rage rPois rF+ Str+2 Dex+3}
HPRegen  0.51/turn              w - ring "Cyatt" {*Drain rPois Int+4 Slay+3}
MPRegen  0.26/turn              C - ring of Jaecaat {rC+ Str+4 Dex+3 Slay+3 Stlth-}

@: divine shield, marked, glowing, very quick
A: large, hooves 3, cold resistance 2, deformed body, speed 2, sense
surroundings 1, tough skin 3, no potion heal 1, subdued magic 1
}: 4/15 runes: decaying, serpentine, slimy, silver
a: Divine Shield, Cleansing Flame, Summon Divine Warrior, Renounce Religion,
Evoke Berserk Rage


You were on level 4 of the Realm of Zot.
You worshipped the Shining One.
The Shining One was exalted by your worship.
You were hungry.

You visited 13 branches of the dungeon, and saw 58 of its levels.
You visited the Abyss 1 time.
You also visited: Volcano.

You collected 9049 gold pieces.
You spent 2806 gold pieces at shops.

Inventory:

Hand Weapons
 l - the +5 longbow "Fionatae" {speed, Str+2}
   (Okawaru gifted it to you on level 2 of the Orcish Mines)

   Attacks with this weapon are significantly faster.
   It affects your strength (+2).
 R - the +6 longbow "Taimn" {freeze, Dex+4}
   (You found it on level 3 of the Elven Halls)

   It causes projectiles fired from it to freeze those they strike, causing
   extra injury to most foes and up to half again as much damage against
   particularly susceptible opponents.
   They can also slow down cold-blooded creatures.
   It affects your dexterity (+4).
 S - a +9 longbow of holy wrath
 T - the +8 storm bow (weapon) {elec}
   (You found it on level 2 of the Depths)

   It charges the ammunition it shoots with electricity; occasionally upon a
   hit, such missiles may discharge and cause terrible harm.
Missiles
 d - 1174 arrows (quivered)
Armour
 q - the +6 plate armour of the Harvest (worn) {rElec rPois Stlth+}
   (You bought it in a shop on level 7 of the Dungeon)

   It insulates you from electricity.
   It protects you from poison.
   It makes you more stealthy.
 s - a +1 pair of gloves of archery (worn)
 D - a scarf of spirit shield (worn)
 L - a +1 helmet (worn)
 M - a +2 centaur barding of fire resistance
 O - the +2 cloak of the Mutiny {*Contam MR+ Str+3}
   (You found it on level 10 of the Dungeon)

   It affects your strength (+3).
   It affects your resistance to hostile enchantments.
   It causes magical contamination when unequipped.
 W - the +2 centaur barding "Morrimyl" (worn) {*Drain rC+ MR+++ Str+4}
   (You acquired it on level 3 of the Depths)

   It affects your strength (+4).
   It protects you from cold.
   It affects your resistance to hostile enchantments.
   It causes draining when unequipped.
 X - a scarf of cloud immunity
Jewellery
 b - an uncursed amulet of faith
 c - an uncursed ring of see invisible
 i - an uncursed ring of protection from fire
 w - the ring "Cyatt" (left hand) {*Drain rPois Int+4 Slay+3}
   (You took it off an orc warrior on level 3 of the Elven Halls)

   [ring of poison resistance]

   It affects your intelligence (+4).
   It affects your accuracy and damage with ranged weapons and melee attacks
   (+3).
   It protects you from poison.
   It causes draining when unequipped.
 B - an uncursed ring of protection from cold
 C - the ring of Jaecaat (right hand) {rC+ Str+4 Dex+3 Slay+3 Stlth-}
   (You found it on level 5 of the Pits of Slime)

   [ring of attention]

   It affects your strength (+4).
   It affects your dexterity (+3).
   It affects your accuracy and damage with ranged weapons and melee attacks
   (+3).
   It protects you from cold.
   It makes you less stealthy.
 P - an uncursed ring of resist corrosion
 V - a cursed amulet of inaccuracy {unknown}
 Z - the amulet of the Sturgeon (around neck) {+Rage rPois rF+ Str+2 Dex+3}
   (You found it on level 3 of the Elven Halls)

   [amulet of rage]

   It affects your strength (+2).
   It affects your dexterity (+3).
   It protects you from fire.
   It protects you from poison.
   It lets you go berserk.
Wands
 y - a wand of iceblast (26)
 H - a wand of digging (7)
 N - a wand of acid (10)
 U - a wand of scattershot (5)
Scrolls
 g - 23 scrolls of remove curse
 h - 6 scrolls of fog
 k - 28 scrolls of teleportation
 n - 5 scrolls of magic mapping
 o - 36 scrolls of identify
 r - 10 scrolls of enchant weapon
 t - 6 scrolls of enchant armour
 u - a scroll of silence
 x - 6 scrolls of fear
 E - 2 scrolls of summoning
 G - 5 scrolls of holy word
 K - 3 scrolls of blinking
Potions
 a - 11 potions of haste
 e - 17 potions of curing
 j - 7 potions of heal wounds
 m - a potion of agility
 v - 4 potions of resistance
 z - 10 potions of might
 A - 2 potions of flight
 I - 4 potions of cancellation
 J - 5 potions of mutation
 Q - 7 potions of magic
Miscellaneous
 F - a fan of gales
Comestibles
 f - 76 rations
 p - 9 chunks of flesh


   Skills:
 + Level 21.0 Fighting
 O Level 27 Bows
 + Level 16.0 Armour
 + Level 16.8 Dodging
 - Level 0.4 Stealth
 + Level 11.6 Spellcasting
 + Level 21.4 Invocations
 - Level 18.0 Evocations


You had 49 spell levels left.
You didn't know any spells.
Your spell library contained the following spells:

 Spells                   Type           Power        Failure   Level  Hunger
 Animate Skeleton         Necr           N/A          30%         1    None
 Apportation              Tloc           #.....       30%         1    None
 Confusing Touch          Hex            #.....       30%         1    None
 Freeze                   Ice            #...         30%         1    None
 Infusion                 Chrm           #...         30%         1    None
 Pain                     Necr           #...         30%         1    None
 Shock                    Conj/Air       #...         30%         1    None
 Sting                    Conj/Pois      #...         30%         1    None
 Summon Butterflies       Summ           #.......     30%         1    None
 Summon Small Mammal      Summ           #...         30%         1    None
 Call Imp                 Summ           #.......     43%         2    None
 Corpse Rot               Necr           N/A          43%         2    None
 Passwall                 Tmut/Erth      #.......     43%         2    None
 Poisonous Vapours        Pois/Air       #.....       43%         2    None
 Shroud of Golubria       Chrm/Tloc      #.........   43%         2    None
 Song of Slaying          Chrm           #.......     43%         2    None
 Sticks to Snakes         Tmut           #.......     43%         2    None
 Sublimation of Blood     Necr           #.........   43%         2    None
 Swiftness                Chrm/Air       #.......     43%         2    None
 Throw Frost              Conj/Ice       #.....       43%         2    None
 Call Canine Familiar     Summ           #.......     67%         3    None
 Confuse                  Hex            #.......     67%         3    None
 Conjure Flame            Conj/Fire      #.......     67%         3    None
 Gell's Gravitas          Tloc           #.........   67%         3    None
 Ignite Poison            Fire/Tmut/Pois #.......     67%         3    None
 Lesser Beckoning         Tloc           #.........   67%         3    None
 Mephitic Cloud           Conj/Pois/Air  #.......     67%         3    None
 Ozocubu's Armour         Chrm/Ice       #.......     67%         3    None
 Recall                   Summ/Tloc      N/A          67%         3    None
 Regeneration             Chrm/Necr      #.........   67%         3    None
 Spectral Weapon          Hex/Chrm       #.......     67%         3    None
 Static Discharge         Conj/Air       #.......     67%         3    None
 Summon Guardian Golem    Hex/Summ       #.......     67%         3    None
 Tukima's Dance           Hex            #.......     67%         3    None
 Vampiric Draining        Necr           #.........   67%         3    None
 Airstrike                Air            #.........   97%         4    ###....
 Animate Dead             Necr           N/A          97%         4    ###....
 Ice Form                 Ice/Tmut       #.......     97%         4    ###....
 Leda's Liquefaction      Hex/Erth       #.........   97%         4    ###....
 Petrify                  Tmut/Erth      #.......     97%         4    ###....
 Summon Ice Beast         Ice/Summ       #.......     97%         4    ###....
 Summon Lightning Spire   Summ/Air       #.......     97%         4    ###....
 Throw Icicle             Conj/Ice       #.......     97%         4    ###....
 Agony                    Necr           #.......     100%        5    #####..
 Alistair's Intoxication  Tmut/Pois      #.......     100%        5    #####..
 Blade Hands              Tmut           #.........   100%        5    #####..
 Bolt of Draining         Conj/Necr      #.........   100%        5    #####..
 Bolt of Magma            Conj/Fire/Erth #.........   100%        5    #####..
 Borgnjor's Vile Clutch   Necr/Erth      #.........   100%        5    #####..
 Dispel Undead            Necr           #.......     100%        5    #####..
 Excruciating Wounds      Chrm/Necr      #.........   100%        5    #####..
 Irradiate                Conj/Tmut      #.........   100%        5    #####..
 Iskenderun's Battlesphe  Conj/Chrm      #.......     100%        5    #####..
 Lee's Rapid Deconstruct  Erth           #.........   100%        5    #####..
 Lightning Bolt           Conj/Air       #.........   100%        5    #####..
 Metabolic Englaciation   Hex/Ice        #.........   100%        5    #####..
 Summon Forest            Summ/Tloc      #.........   100%        5    #####..
 Summon Mana Viper        Hex/Summ       #.......     100%        5    #####..
 Venom Bolt               Conj/Pois      #.........   100%        5    #####..
 Yara's Violent Unravell  Hex/Tmut       #.........   100%        5    #####..
 Bolt of Cold             Conj/Ice       #.........   100%        6    ######.
 Death Channel            Necr           #.........   100%        6    ######.
 Freezing Cloud           Conj/Ice/Air   #.........   100%        6    ######.
 Hydra Form               Tmut           #.........   100%        6    ######.
 Invisibility             Hex            #.......     100%        6    ######.
 Iron Shot                Conj/Erth      #.........   100%        6    ######.
 Ozocubu's Refrigeration  Ice            #.........   100%        6    ######.
 Simulacrum               Ice/Necr       #.........   100%        6    ######.
 Statue Form              Tmut/Erth      #........    100%        6    ######.
 Dragon Form              Tmut           #.........   100%        7    #######
 Haunt                    Necr/Summ      #.........   100%        7    #######
 Orb of Destruction       Conj           #.........   100%        7    #######
 Ring of Flames           Chrm/Fire      #.........   100%        7    #######
 Spellforged Servitor     Conj/Summ      #.........   100%        7    #######
 Summon Hydra             Summ           #.........   100%        7    #######
 Borgnjor's Revivificati  Necr           #.........   100%        8    #######
 Death's Door             Chrm/Necr      #.........   100%        8    #######
 Infestation              Necr           #.........   100%        8    #######
 Necromutation            Tmut/Necr      #.........   100%        8    #######


Dungeon Overview and Level Annotations

Branches:
Dungeon (15/15)            Temple (1/1) D:5            Lair (6/6) D:11
  Swamp (4/4) Lair:4        Snake (4/4) Lair:4        Slime (5/5) Lair:5
    Orc (2/2) D:12            Elf (3/3) Orc:2        Vaults (5/5) D:14
  Crypt (3/3) Vaults:3       Tomb (1/3) Crypt:3      Depths (5/5) D:15
    Zot (4/5) Depths:5

Altars:
Ashenzari
Cheibriados
Dithmenos
Elyvilon
Fedhas
Gozag
Hepliaklqana
Kikubaaqudgha
Makhleb
Nemelex Xobeh
Okawaru
Qazlal
Ru
Sif Muna
Trog
Uskayaw
Vehumet
Wu Jian
Xom
Yredelemnul
Zin
The Shining One
Beogh
Jiyva

Shops:
D:6 *   D:7 *   D:9 %   D:11 (   Orc:2 *?:?   Elf:1 *   Snake:2 %   Vaults:1 (
Vaults:4 ?(   Depths:2 *

Portals:
Hell: Depths:1 Depths:2 Depths:3 Depths:4 Depths:5
Abyss: Depths:1 Depths:4
Pandemonium: Depths:3
Ziggurat: Depths:3
Trove: D:11 (give 16 potions of curing)

Annotations:
D:13 3 runed translucent doors, sdfsdf's ghost, journeyman DDFi
Depths:2 3 runed translucent doors


Innate Abilities, Weirdness & Mutations

You have hooves in place of feet.
Armour fits poorly on your strangely shaped body.
You cover ground very quickly.
You have extremely tough skin. (AC +3)
Your flesh is very cold resistant. (rC++)
You passively map a small area around you.
Potions are less effective at restoring your health.
Your spells are a little easier to cast, but a little less powerful.


Message History

Your storm dragon barely misses the quicksilver dragon.
Your storm dragon claws the quicksilver dragon.
Your storm dragon tramples the quicksilver dragon but does no damage.
The moth of wrath goads the quicksilver dragon on!
The quicksilver dragon goes berserk!
Unknown command.
The quicksilver dragon bites your storm dragon but does no damage.
The quicksilver dragon claws your storm dragon.
You block the death cob's attack.
The quicksilver dragon bites your storm dragon!
The quicksilver dragon claws your storm dragon.
Your storm dragon breathes lightning at the quicksilver dragon.
The bolt of lightning hits the quicksilver dragon!!
The death cob hits you! The Shining One protects you from harm!
Something bites your storm dragon. Something claws your storm dragon.
The death cob hits you but does no damage.
Unknown command.
The death cob hits you!!
You die...

* ,,* ** * *,,.# ,, .....#
..# ...^.# ...# * ,
*.!...#########...# *
#......>.......... , ,
##.........@........
#l.(......##zz.###. ...
#qkk...$., #...# *** ....
#<(z.....###...########...##
###d(......q.dqqy(y..d......
* ,
,.......d....d......(.... ,
......d.§dd.d..y........ , ,
...........dD......... ,
........§§.D..........


You could see a black draconian, a yellow draconian, a green draconian, a red
draconian, 2 draconians, 2 death cobs, a purple draconian stormcaller, a purple
draconian annihilator, a moth of wrath and a friendly storm dragon.

Vanquished Creatures
  the Royal Jelly (Slime:5)
  2 ancient liches
  3 juggernauts (Depths:4)
  Mara (Elf:3)
  2 greater mummies (Tomb:1)
  Saint Roka (Vaults:5)
  Vashnia (Snake:2)
  17 caustic shrikes (Depths:4)
  6 golden dragons
  2 bone dragons
  2 electric golems (Zot:3)
  Jorgrun (Swamp:3)
  14 tentacled monstrosities
  Asterion (Snake:2)
  13 deep elf blademasters
  6 quicksilver dragons
  8 liches
  10 deep elf master archers
  34 acid blobs
  14 titans
  4 ancient champions
  13 sphinxes
  4 death cobs
  Kirke (D:14)
  A thorn hunter (Swamp:4)
  10 shadow dragons
  11 storm dragons
  Roxanne (Elf:2)
  10 tengu reavers
  3 draconian monks
  15 nagarajas
  17 azure jellies
  8 deep elf sorcerers
  25 frost giants
  4 revenants
  7 draconian knights
  20 fire giants
  A ghost moth (Zot:3)
  Aizul (Snake:1)
  16 vault wardens
  A draconian shifter (Zot:2)
  3 draconian stormcallers
  2 draconian scorchers
  3 curse skulls
  4 deep elf elementalists
  8 ghouls
  31 very ugly things
  12 ironheart preservers
  4 draconian annihilators
  4 spriggan defenders
  26 stone giants
  10 green draconians
  6 war gargoyles
  7 deep elf demonologists
  Nessos (D:12)
  8 black draconians
  11 vampire knights
  4 deep elf annihilators
  11 purple draconians
  7 white draconians
  7 yellow draconians
  9 red draconians
  23 spark wasps
  A merfolk javelineer (Depths:2)
  9 deep elf death magi
  4 eidola
  18 ettins
  23 death oozes
  Josephine (Lair:5)
  The ghost of grocchini the Basher, a journeyman TrMo of Elyvilon (Lair:3)
  6 mummy priests (Tomb:1)
  11 great orbs of eyes
  3 deep elf high priests
  7 jiangshi
  3 crystal guardians (Crypt:3)
  9 fire dragons
  14 yaktaur captains
  11 naga warriors
  6 rakshasas
  27 vault guards
  10 ice dragons
  26 hydras
  A quicksilver dragon skeleton (Crypt:3)
  2 spriggan air magi (Depths:4)
  12 anacondas
  A catoblepas (Lair:4)
  A hell beast (Depths:2)
  4 death knights
  15 centaur warriors
  3 shambling mangroves (Swamp:4)
  13 ogre magi
  A two-headed ogre (shapeshifter) (Vaults:5)
  A ghost crab (Swamp:1)
  10 alligators
  8 tengu warriors
  35 two-headed ogres
  29 dancing weapons
  4 vampire magi
  The ghost of myga the Twirler, a novice MfGl of Makhleb (D:10)
  2 death yaks (shapeshifter) (Vaults:5)
  7 deep troll shamans
  8 deep troll earth magi
  5 spriggan berserkers
  An orc high priest (Elf:3)
  A shock serpent (shapeshifter) (Vaults:4)
  10 naga sharpshooters
  A titan zombie (Crypt:1)
  25 hell knights
  5 shock serpents
  A storm dragon zombie (Crypt:3)
  31 deep elf knights
  4 iron trolls
  4 salamander mystics
  3 sixfirhies (Depths:3)
  A shadow wraith (Vaults:2)
  39 skeletal warriors
  A fire crab (shapeshifter) (Vaults:5)
  27 deep trolls
  2 spriggan druids
  16 sea snakes (Snake:4)
  A soul eater (Depths:3)
  4 unseen horrors
  9 swamp dragons
  22 deep elf archers
  4 naga ritualists
  2 anaconda zombies (Crypt:3)
  17 necromancers
  12 ironbrand convokers
  9 glowing orange brains
  10 orc knights
  A lindwurm (shapeshifter) (D:15)
  6 wizards
  10 phantasmal warriors
  4 flayed ghosts
  An orb spider (shapeshifter) (D:14)
  4 harpies (Vaults:2)
  A shadow dragon zombie (Crypt:2)
  5 wolf spiders
  An orc sorcerer (Orc:1)
  A mana viper (shapeshifter) (Vaults:5)
  2 wolf spider zombies
  49 ugly things
  2 stone giant zombies (Crypt:3)
  5 cyclopes
  78 deep elf magi
  A faun (shapeshifter) (Depths:4)
  12 mana vipers
  23 moths of wrath
  4 oklob plants (Lair:4)
  8 shining eyes
  2 manticores
  13 salamanders
  A manticore (shapeshifter) (D:15)
  11 guardian serpents
  3 rust devils
  6 elephants (Lair:3)
  15 vault sentinels
  26 black mambas
  22 naga magi
  A stone giant skeleton (Tomb:1)
  4 eyes of devastation
  A black mamba (shapeshifter) (Vaults:5)
  3 gargoyles
  A torpor snail (Lair:2)
  11 spiny frogs
  3 yaktaurs (shapeshifter)
  3 komodo dragons (shapeshifter)
  9 komodo dragons
  62 yaktaurs
  A tormentor (Depths:3)
  12 freezing wraiths
  A purple draconian skeleton (Crypt:2)
  A yellow draconian skeleton (Crypt:3)
  A harpy zombie (Crypt:3)
  2 hydra zombies
  5 tengu conjurers
  A troll (shapeshifter) (Depths:1)
  6 guardian mummies (Tomb:1)
  A sea snake skeleton (Crypt:1)
  Grinder (D:6)
  7 polar bears
  8 trolls
  A death yak skeleton (Crypt:2)
  A merfolk (shapeshifter) (Vaults:5)
  9 tyrant leeches
  A polar bear (shapeshifter) (Depths:4)
  A shadow dragon simulacrum (Crypt:1)
  22 hornets
  151 slime creatures
  2 ettin zombies
  A fire dragon zombie (Crypt:3)
  A snapping turtle (shapeshifter) (Depths:5)
  An air elemental (Elf:2)
  10 hippogriffs
  10 bog bodies
  18 blink frogs
  2 dream sheep
  A meliai zombie (D:14)
  A stone giant simulacrum (Vaults:1)
  24 flying skulls (Crypt:3)
  7 shadows
  21 spriggans
  A yak (shapeshifter) (Vaults:4)
  2 ice dragon skeletons
  A wyvern (shapeshifter) (Depths:2)
  A tarantella (shapeshifter) (Vaults:4)
  5 basilisks
  7 water elementals
  13 wraiths
  3 hogs (D:14)
  4 wyverns
  3 fire elementals
  6 ushabtiu (Tomb:1)
  20 humans (D:14)
  A spriggan simulacrum (Depths:2)
  A steam dragon (D:10)
  40 yaks
  2 hogs (shapeshifter)
  A golden eye (shapeshifter) (Depths:3)
  A steam dragon (shapeshifter) (Vaults:5)
  17 vampire mosquitoes
  Menkaure (D:4)
  A hungry ghost (D:15)
  11 insubstantial wisps (Swamp:2)
  6 wargs
  61 nagas
  An orb spider zombie (Crypt:2)
  17 swamp worms
  13 water moccasins
  A hell hound (Depths:2)
  A hydra simulacrum (Crypt:1)
  4 acid dragons
  A floating eye (shapeshifter) (Vaults:5)
  4 porcupines
  A floating eye (Depths:2)
  An infernal demonspawn skeleton (Crypt:2)
  18 swamp drakes
  30 orc warriors
  5 eyes of draining
  An eye of draining (shapeshifter) (Depths:2)
  4 black bears
  An ettin simulacrum (Crypt:1)
  3 ice beasts
  4 phantoms
  7 sky beasts
  47 ogres
  11 necrophages
  5 boggarts
  27 centaurs
  29 wolves
  10 crocodiles
  A crocodile (shapeshifter) (Vaults:2)
  2 big kobolds
  16 bullfrogs
  A yaktaur skeleton (Crypt:1)
  4 earth elementals
  A water moccasin zombie (Crypt:1)
  2 wyvern zombies
  A wyvern skeleton (D:9)
  10 scorpions
  A water moccasin skeleton (Crypt:2)
  A scorpion (shapeshifter) (D:15)
  3 human simulacra
  A spriggan zombie (Crypt:1)
  4 killer bees
  13 wights
  5 electric eels
  3 howler monkeys (D:10)
  5 centaur zombies
  7 crimson imps
  A quasit (D:10)
  4 bullfrog zombies
  7 jellies
  6 hounds
  14 orc priests
  7 bullfrog skeletons
  An iron imp (Depths:3)
  8 orc wizards
  A basilisk skeleton (Crypt:2)
  5 centaur skeletons
  6 iguanas
  16 worker ants
  A porcupine skeleton (Crypt:2)
  A killer bee zombie (D:7)
  3 hound zombies
  A hound skeleton (D:10)
  14 mummies (Tomb:1)
  5 worker ant zombies
  4 gnolls
  A howler monkey zombie (D:9)
  A howler monkey skeleton (D:4)
  22 adders
  A steam dragon skeleton (Crypt:1)
  10 shadow imps
  2 white imps (Depths:3)
  An ufetubus (Depths:3)
  2 oozes
  2 adder skeletons
  An adder zombie (D:4)
  5 worms
  A barachi zombie (Crypt:1)
  2 dart slugs (D:2)
  2 leopard geckos
  52 orcs
  A ball python (Snake:4)
  6 bats
  2 giant cockroaches
  5 goblins
  8 hobgoblins
  9 jackals
  5 quokkas
  6 frilled lizards
  3 giant cockroach zombies
  A goblin zombie (Crypt:1)
  A jackal skeleton (Crypt:2)
  2 jackal zombies
  17 kobolds
  A leopard gecko skeleton (D:5)
  A leopard gecko zombie (D:4)
  An orc skeleton (Crypt:1)
  A quokka skeleton (D:6)
  3 quokka zombies
  8 rats
2702 creatures vanquished.

Vanquished Creatures (collateral kills)
  A draconian stormcaller (Zot:4)
  A deep elf death mage (Depths:4)
  A hell knight (Depths:4)
  4 dream sheep (Lair:5)
  A hippogriff (Lair:5)
8 creatures vanquished.

Vanquished Creatures (others)
  A deep elf blademaster (Tomb:1)
  A white draconian (Zot:2)
  A naga warrior (Snake:4)
  A fire dragon (Depths:3)
  2 dancing weapons (Crypt:3)
  A wight (D:11)
  A kobold (D:10)
  9 fungi
  7 plants
  5 toadstools (Depths:2)
  2 withered plants (D:4)
31 creatures vanquished.

Grand Total: 2741 creatures vanquished

Notes
Turn   | Place    | Note
-------+----------+-------------------------------------------
     0 | D:1      | Hasart the Centaur Hunter began the quest for the Orb.
     0 | D:1      | Reached XP level 1. HP: 17/17 MP: 1/1
   545 | D:1      | Reached XP level 2. HP: 24/24 MP: 2/2
   675 | D:2      | Found a stormy altar of Qazlal.
   693 | D:2      | Reached skill level 6 in Bows
   693 | D:2      | Reached XP level 3. HP: 20/30 MP: 3/3
  1383 | D:2      | Reached XP level 4. HP: 37/37 MP: 4/4
  1967 | D:3      | Noticed a bullfrog
  1978 | D:3      | Killed a bullfrog
  1978 | D:3      | Reached skill level 7 in Bows
  1978 | D:3      | Reached XP level 5. HP: 13/45 MP: 5/5
  2661 | D:3      | Noticed an ogre
  2686 | D:3      | Killed an ogre
  2686 | D:3      | Reached XP level 6. HP: 35/51 MP: 6/6
  2693 | D:3      | Reached skill level 8 in Bows
  2947 | D:3      | Found a sacrificial altar of Ru.
  3493 | D:4      | Noticed Menkaure
  3571 | D:4      | Killed Menkaure
  3571 | D:4      | Reached skill level 9 in Bows
  3571 | D:4      | Reached XP level 7. HP: 41/60 MP: 7/7
  4299 | D:5      | Entered Level 5 of the Dungeon
  4491 | D:5      | Reached skill level 10 in Bows
  4579 | D:5      | Found a staircase to the Ecumenical Temple.
  4587 | Temple   | Entered the Ecumenical Temple
  4589 | Temple   | Reached XP level 8. HP: 60/67 MP: 8/8
  4661 | Temple   | Became a worshipper of Warmaster Okawaru
  4677 | D:5      | Reached skill level 5 in Fighting
  5109 | D:5      | Found a sparkling altar of Nemelex Xobeh.
  5347 | D:6      | Reached skill level 11 in Bows
  5369 | D:6      | Reached * piety under Okawaru
  5478 | D:6      | Found Xoen's General Store.
  5489 | D:6      | Bought 15 arrows for 39 gold pieces
  5489 | D:6      | Bought a +2 leather armour of fire resistance for 247 gold
                  | pieces
  5647 | D:6      | Reached ** piety under Okawaru
  5808 | D:6      | Reached XP level 9. HP: 75/75 MP: 9/9
  5912 | D:6      | Noticed Grinder
  5927 | D:6      | Reached skill level 12 in Bows
  5971 | D:6      | Killed Grinder
  6377 | D:7      | Reached skill level 5 in Dodging
  6615 | D:7      | Found a snail-covered altar of Cheibriados.
  6785 | D:7      | Found Ykujy's Assorted Antiques.
  7133 | D:8      | Reached *** piety under Okawaru
  7201 | D:8      | Found a deep blue altar of Sif Muna.
  7250 | D:8      | Reached skill level 13 in Bows
  7282 | D:8      | Found a shadowy altar of Dithmenos.
  7326 | D:8      | Found a basalt altar of Yredelemnul.
  8165 | D:9      | Noticed a troll
  8190 | D:9      | Killed a troll
  8190 | D:9      | Reached **** piety under Okawaru
  8216 | D:9      | Reached XP level 10. HP: 86/86 MP: 10/10
  8219 | D:9      | Noticed a five-headed hydra
  8262 | D:9      | Killed a five-headed hydra
  8262 | D:9      | Reached ***** piety under Okawaru
  8262 | D:9      | Reached skill level 14 in Bows
  8994 | D:9      | Found Iviafrupt's Food Boutique.
  9134 | D:10     | Entered Level 10 of the Dungeon
  9162 | D:10     | Reached skill level 1 in Invocations
  9165 | D:10     | Received a gift from Okawaru
  9171 | D:10     | Reached skill level 1 in Evocations
  9191 | D:10     | Noticed a gargoyle
  9221 | D:10     | Killed a gargoyle
  9221 | D:10     | Received a gift from Okawaru
  9221 | D:10     | Reached skill level 1 in Armour
  9388 | D:10     | Found a large runed translucent door.
  9388 | D:10     | Found a large runed translucent door.
  9390 | D:10     | Noticed myga's ghost (novice MfGl)
  9712 | D:10     | Received a gift from Okawaru
  9993 | D:10     | Noticed a two-headed ogre
 10093 | D:10     | Killed myga's ghost
 10120 | D:10     | Killed a two-headed ogre
 10120 | D:10     | Received a gift from Okawaru
 10120 | D:10     | Reached skill level 15 in Bows
 10120 | D:10     | Reached XP level 11. HP: 95/95 MP: 11/13
 10157 | D:10     | Got a spiked cloak
 10163 | D:10     | Identified the +2 cloak of the Mutiny {*Contam MR+ Str+3}
                  | (You found it on level 10 of the Dungeon)
 10882 | D:11     | Found Bolu's Antique Weapon Boutique.
 10918 | D:11     | Received a gift from Okawaru
 10976 | D:11     | Noticed a skeletal warrior
 11309 | D:11     | Noticed a skeletal warrior
 11309 | D:11     | Noticed a skeletal warrior
 11446 | D:10     | Killed a skeletal warrior
 11495 | D:11     | Noticed a vault guard
 11637 | D:10     | Reached ****** piety under Okawaru
 12117 | D:11     | Noticed a skeletal warrior
 12164 | D:10     | Killed a vault guard
 12276 | D:10     | Killed a skeletal warrior
 12632 | D:11     | Killed a skeletal warrior
 13221 | D:11     | Found a staircase to the Lair.
 13316 | D:11     | Killed a skeletal warrior
 13676 | D:11     | Found a portal to a secret trove of treasure.
 13723 | D:12     | Received a gift from Okawaru
 13723 | D:12     | Reached skill level 16 in Bows
 14045 | D:12     | Reached XP level 12. HP: 104/104 MP: 15/15
 14075 | D:12     | Reached skill level 5 in Invocations
 14228 | D:12     | Noticed Nessos
 14242 | D:12     | Killed Nessos
 14569 | D:12     | Received a gift from Okawaru
 15258 | D:12     | Found a staircase to the Orcish Mines.
 15452 | Orc:1    | Entered Level 1 of the Orcish Mines
 15706 | Orc:2    | Entered Level 2 of the Orcish Mines
 15706 | Orc:2    | Found a staircase to the Elven Halls.
 15761 | Orc:2    | Noticed a two-headed ogre
 15762 | Orc:2    | Noticed a two-headed ogre
 15766 | Orc:2    | Noticed an ogre mage
 15776 | Orc:2    | Killed a two-headed ogre
 15779 | Orc:2    | Killed a two-headed ogre
 15786 | Orc:2    | Received a gift from Okawaru
 15791 | Orc:2    | Killed an ogre mage
 15791 | Orc:2    | Reached skill level 5 in Evocations
 15819 | Orc:2    | Noticed an ogre mage
 15825 | Orc:2    | Killed an ogre mage
 15825 | Orc:2    | Reached skill level 17 in Bows
 15825 | Orc:2    | Noticed a two-headed ogre
 15836 | Orc:2    | Killed a two-headed ogre
 15836 | Orc:2    | Received a gift from Okawaru
 15837 | Orc:2    | Got a bloodstained longbow {god gift}
 15840 | Orc:2    | Identified the +5 longbow "Fionatae" {speed, Str+2}
                  | (Okawaru gifted it to you on level 2 of the Orcish Mines)
 15865 | Orc:2    | Noticed a two-headed ogre
 15872 | Orc:2    | Killed a two-headed ogre
 15872 | Orc:2    | Reached skill level 10 in Fighting
 15928 | Orc:2    | Found a dark tunnel.
 15937 | Volcano  | Entered a volcano
 15971 | Volcano  | Found a bloodstained altar of Trog.
 16071 | Volcano  | Reached XP level 13. HP: 109/113 MP: 17/17
 16121 | Volcano  | Received a gift from Okawaru
 16249 | Orc:2    | Found a roughly hewn altar of Beogh.
 16257 | Orc:2    | Received a gift from Okawaru
 16303 | Orc:2    | Received a gift from Okawaru
 16532 | Orc:2    | Reached skill level 5 in Armour
 16709 | Orc:2    | Found Raawunirph's Assorted Antiques.
 16709 | Orc:2    | Found Faxevupn's Magic Scroll Shop.
 16710 | Orc:2    | Found Leymur's Book Shop.
 16710 | Orc:2    | Found Ytysch's Magic Scroll Shoppe.
 16721 | Orc:2    | Bought a scroll labeled WANERAM UZIXE for 32 gold pieces
 16721 | Orc:2    | Bought a scroll labeled WANERAM UZIXE for 32 gold pieces
 16721 | Orc:2    | Bought a scroll labeled BITROCRYNO for 32 gold pieces
 16721 | Orc:2    | Bought a smoky brown potion for 28 gold pieces
 16721 | Orc:2    | Bought a cyan potion for 28 gold pieces
 16721 | Orc:2    | Bought a grey potion for 28 gold pieces
 16723 | Orc:2    | Bought a scroll of identify for 34 gold pieces
 16723 | Orc:2    | Bought a scroll of magic mapping for 59 gold pieces
 16723 | Orc:2    | Bought a scroll of fear for 59 gold pieces
 16724 | Orc:2    | Bought a scroll of random uselessness for 12 gold pieces
 16724 | Orc:2    | Bought a scroll of immolation for 42 gold pieces
 16725 | Orc:2    | Bought a scroll of brand weapon for 340 gold pieces
 17020 | D:13     | Reached skill level 18 in Bows
 17191 | D:13     | Found a bloodstained altar of Trog.
 17499 | D:13     | Received a gift from Okawaru
 17639 | D:13     | Found a runed translucent gate.
 17639 | D:13     | Found a runed translucent gate.
 17639 | D:13     | Found a runed translucent gate.
 17644 | D:13     | Noticed a cyan very ugly thing
 17675 | D:13     | Received a gift from Okawaru
 17781 | D:13     | Killed a cyan very ugly thing
 17817 | D:13     | Found a runed translucent gate.
 17817 | D:13     | Found a runed translucent gate.
 17822 | D:13     | Found a runed translucent gate.
 17832 | D:13     | Noticed sdfsdf's ghost (journeyman DDFi)
 17942 | D:14     | Found a sacrificial altar of Ru.
 18034 | D:14     | Reached XP level 14. HP: 122/122 MP: 20/20
 18195 | D:14     | Found a gate to the Vaults.
 18326 | D:14     | Noticed Kirke
 18384 | D:14     | Killed Kirke
 18660 | D:14     | Received a gift from Okawaru
 18660 | D:14     | Reached skill level 19 in Bows
 19108 | D:14     | Found a glowing golden altar of the Shining One.
 19172 | D:15     | Entered Level 15 of the Dungeon
 19361 | D:15     | Found an opulent altar of Gozag.
 19485 | D:15     | Found an iron altar of Okawaru.
 19769 | D:15     | Got a scorched longbow
 19770 | D:15     | Identified the +5 longbow of Symmetry {velocity, *Slow
                  | Str+4 Dex+2} (You found it on level 15 of the Dungeon)
 20162 | D:15     | Received a gift from Okawaru
 20163 | D:15     | Got a slimy shortbow {god gift}
 20164 | D:15     | Identified the +2 shortbow "Imiziukheu" {speed, rElec
                  | Int+7} (Okawaru gifted it to you on level 15 of the
                  | Dungeon)
 20609 | D:15     | Found a staircase to the Depths.
 20716 | Lair:1   | Entered Level 1 of the Lair of Beasts
 21515 | Lair:2   | Received a gift from Okawaru
 21538 | Lair:2   | Reached XP level 15. HP: 130/130 MP: 22/22
 22154 | Lair:3   | Found a large runed translucent door.
 22154 | Lair:3   | Found a large runed translucent door.
 22155 | Lair:3   | Noticed grocchini's ghost (journeyman TrMo)
 22179 | Lair:3   | Killed grocchini's ghost
 22262 | Lair:3   | You are sucked into a shaft for 3 floors!
 22262 | Lair:6   | Entered Level 6 of the Lair of Beasts
 22290 | Lair:6   | Received a gift from Okawaru
 22795 | Lair:6   | Reached skill level 20 in Bows
 22918 | Lair:6   | Received a gift from Okawaru
 23585 | Lair:5   | Noticed Josephine
 23732 | Lair:5   | Killed Josephine
 23999 | Lair:5   | Reached skill level 10 in Invocations
 24274 | Lair:5   | Found a staircase to the Slime Pits.
 24356 | Lair:5   | Received a gift from Okawaru
 24789 | Lair:4   | Found a staircase to the Snake Pit.
 25546 | Lair:4   | Found a staircase to the Swamp.
 25811 | Swamp:1  | Entered Level 1 of the Swamp
 27027 | Elf:1    | Entered Level 1 of the Elven Halls
 27034 | Elf:1    | Reached XP level 16. HP: 139/139 MP: 23/23
 27173 | Elf:1    | Received a gift from Okawaru
 27464 | Elf:1    | Reached skill level 21 in Bows
 27886 | Elf:1    | Identified the Guide on the Escort
 28191 | Elf:1    | Found Sih Buptu's General Store.
 28194 | Elf:1    | Bought a potion of heal wounds for 80 gold pieces
 28194 | Elf:1    | Bought a potion of heal wounds for 80 gold pieces
 28943 | Elf:2    | Reached skill level 10 in Dodging
 28947 | Elf:2    | Received a gift from Okawaru
 29392 | Elf:2    | Identified Roxanne's Compendium of Clay
 29392 | Elf:2    | Noticed Roxanne
 29406 | Elf:2    | Killed Roxanne
 29934 | Elf:2    | Found a huge runed translucent gate.
 29934 | Elf:2    | Found a huge runed translucent gate.
 29934 | Elf:2    | Found a huge runed translucent gate.
 29935 | Elf:2    | Found a huge runed translucent gate.
 29936 | Elf:2    | Found a huge runed translucent gate.
 30125 | Elf:2    | Noticed a deep elf blademaster
 30179 | Elf:2    | Killed a deep elf blademaster
 30344 | Elf:2    | Reached XP level 17. HP: 149/149 MP: 25/25
 30486 | Elf:2    | Received a gift from Okawaru
 30487 | Elf:2    | Got a pitted scale mail {god gift}
 30488 | Elf:2    | Identified the +2 scale mail "Reguwkac" {Int+4} (Okawaru
                  | gifted it to you on level 2 of the Elven Halls)
 30508 | Elf:2    | Reached skill level 10 in Evocations
 30975 | Elf:2    | Reached skill level 22 in Bows
 31262 | Elf:3    | Entered Level 3 of the Elven Halls
 32054 | Elf:3    | Noticed Mara
 32068 | Elf:3    | Noticed Hasart's illusion
 32558 | Elf:3    | Killed Mara
 32943 | Elf:3    | Noticed a deep elf blademaster
 32959 | Elf:3    | Killed a deep elf blademaster
 32974 | Elf:3    | Received a gift from Okawaru
 33137 | Elf:3    | Received a gift from Okawaru
 33146 | Elf:3    | Noticed a deep elf blademaster
 33155 | Elf:3    | Killed a deep elf blademaster
 33172 | Elf:3    | Noticed a deep elf master archer
 33183 | Elf:3    | Killed a deep elf master archer
 33625 | Elf:3    | Noticed a deep elf master archer
 33687 | Elf:3    | Killed a deep elf master archer
 34075 | Elf:3    | Identified the +6 battleaxe "Dinia" {flame, rPois}
 34075 | Elf:3    | Identified the ring "Cyatt" {*Drain rPois Int+4 Slay+3}
 34298 | Elf:3    | Noticed a deep elf master archer
 34298 | Elf:3    | Noticed a deep elf blademaster
 34308 | Elf:3    | Killed a deep elf blademaster
 34315 | Elf:3    | Killed a deep elf master archer
 34315 | Elf:3    | Received a gift from Okawaru
 34367 | Elf:3    | Identified the Papyrus of Mutagenic Arcane Weapons
 34444 | Elf:3    | Reached XP level 18. HP: 92/158 MP: 27/27
 34458 | Elf:3    | Got a shimmering tin ring
 34466 | Elf:3    | Got a heavily runed lead amulet
 34467 | Elf:3    | Identified the ring "Tyeghaif" {Str-4 Dex+3 Stlth-} (You
                  | found it on level 3 of the Elven Halls)
 34468 | Elf:3    | Identified the amulet of the Sturgeon {+Rage rPois rF+
                  | Str+2 Dex+3} (You found it on level 3 of the Elven Halls)
 34884 | Elf:3    | Identified the +6 longbow "Taimn" {freeze, Dex+4} (You
                  | found it on level 3 of the Elven Halls)
 36271 | Swamp:2  | Found the +4 skin of Zhor {Hibernate rC+++ SInv}
 36865 | Swamp:3  | Noticed Jorgrun
 36872 | Swamp:3  | Killed Jorgrun
 36872 | Swamp:3  | Reached skill level 23 in Bows
 36934 | Swamp:3  | Noticed a tentacled monstrosity
 36946 | Swamp:3  | Killed a tentacled monstrosity
 37649 | Swamp:4  | Entered Level 4 of the Swamp
 37665 | Swamp:4  | Received a gift from Okawaru
 38527 | Swamp:4  | Received a gift from Okawaru
 38843 | Swamp:4  | Got a decaying rune of Zot
 39202 | D:7      | Bought a scorched plate armour for 784 gold pieces
 39212 | D:7      | Identified the +6 plate armour of the Harvest {rElec rPois
                  | Stlth+} (You bought it in a shop on level 7 of the Dungeon)
 39391 | Snake:1  | Entered Level 1 of the Snake Pit
 39678 | Snake:1  | Received a gift from Okawaru
 39978 | Snake:1  | Noticed Aizul
 39993 | Snake:1  | Killed Aizul
 40483 | Snake:1  | Received a gift from Okawaru
 40486 | Snake:1  | Identified the +2 shortbow "Tirrorph" {freeze, rN+}
                  | (Okawaru gifted it to you on level 1 of the Snake Pit)
 40910 | Snake:2  | Noticed Vashnia
 40921 | Snake:2  | Killed Vashnia
 40921 | Snake:2  | Reached XP level 19. HP: 136/167 MP: 28/28
 40946 | Snake:1  | Received a gift from Okawaru
 41348 | Snake:2  | Received a gift from Okawaru
 41483 | Snake:2  | Received a gift from Okawaru
 41522 | Snake:2  | Found a radiant altar of Vehumet.
 41576 | Snake:2  | Noticed Asterion
 41603 | Snake:2  | Killed Asterion
 41603 | Snake:2  | Reached skill level 24 in Bows
 41731 | Snake:2  | Found Koemiaq's Food Emporium.
 42074 | Snake:3  | Reached skill level 10 in Armour
 42089 | Snake:3  | Identified the +1 scale mail of Apathy {rElec rPois} (You
                  | found it on level 3 of the Snake Pit)
 42816 | Snake:4  | Entered Level 4 of the Snake Pit
 43136 | Snake:4  | Received a gift from Okawaru
 43139 | Snake:4  | Identified the +1 ring mail of Failure {rF+ MR+ Stlth+}
                  | (Okawaru gifted it to you on level 4 of the Snake Pit)
 44120 | Snake:4  | Reached XP level 20. HP: 177/177 MP: 30/30
 44161 | Snake:4  | Received a gift from Okawaru
 44544 | Snake:4  | Reached skill level 15 in Fighting
 44566 | Snake:4  | Got a serpentine rune of Zot
 44830 | Slime:1  | Entered Level 1 of the Pits of Slime
 46341 | Slime:3  | Reached skill level 25 in Bows
 46354 | Slime:3  | Found a viscous altar of Jiyva.
 46905 | Slime:4  | Gained mutation: Your spells are a little easier to cast,
                  | but a little less powerful. [a shining eye]
 46925 | Slime:4  | Received a gift from Okawaru
 46928 | Slime:4  | Identified the +3 centaur barding of Feqay {+Fly rPois rC+
                  | Str+3} (Okawaru gifted it to you on level 4 of the Pits of
                  | Slime)
 47200 | Slime:4  | Gained mutation: You are weak. (Str -2) [a shining eye]
 47884 | Slime:4  | Gained mutation: Potions are less effective at restoring
                  | your health. [a shining eye]
 48027 | Slime:4  | Lost mutation: Your spells are a little easier to cast, but
                  | a little less powerful. [potion of mutation]
 48027 | Slime:4  | Lost mutation: You are weak. (Str -2) [potion of mutation]
 48027 | Slime:4  | Gained mutation: Your spells are a little easier to cast,
                  | but a little less powerful. [potion of mutation]
 48027 | Slime:4  | Gained mutation: You passively map a small area around you.
                  | [potion of mutation]
 48027 | Slime:4  | Gained mutation: Your flesh is cold resistant. (rC+)
                  | [potion of mutation]
 48027 | Slime:4  | Gained mutation: Your flesh is very cold resistant. (rC++)
                  | [potion of mutation]
 48581 | Slime:5  | Entered Level 5 of the Pits of Slime
 48874 | Slime:5  | Received a gift from Okawaru
 48976 | Slime:5  | Received a gift from Okawaru
 49037 | Slime:5  | Noticed the Royal Jelly
 50183 | Slime:5  | Killed the Royal Jelly
 50183 | Slime:5  | Reached XP level 21. HP: 121/185 MP: 27/32
 50992 | Slime:5  | Identified the Catalogue of the Floating Snowflakes
 51003 | Slime:5  | Got a coiled pewter ring
 51004 | Slime:5  | Identified the ring of Jaecaat {rC+ Str+4 Dex+3 Slay+3
                  | Stlth-} (You found it on level 5 of the Pits of Slime)
 51037 | Slime:5  | Got a slimy rune of Zot
 51039 | Slime:5  | Identified the +3 chain mail of Foolhardiness {rN++ SInv}
                  | (You found it on level 5 of the Pits of Slime)
 51076 | Slime:5  | Identified the +7 great sword "Ratzoohoe" {antimagic,
                  | Dex+4} (You found it on level 5 of the Pits of Slime)
 51094 | Slime:5  | Identified Jutet's Papyrus of the Glacier
 51714 | Vaults:1 | Entered Level 1 of the Vaults
 52080 | Vaults:1 | Reached skill level 15 in Invocations
 52334 | Vaults:1 | Received a gift from Okawaru
 52334 | Vaults:1 | Reached skill level 26 in Bows
 53008 | Vaults:1 | Found Erosapto's Weapon Boutique.
 53674 | Vaults:2 | Identified the amulet "Nesieg" {Inacc rPois rF+ SInv} (You
                  | found it on level 2 of the Vaults)
 54781 | Vaults:3 | Received a gift from Okawaru
 54785 | Vaults:3 | Identified the +3 buckler of Vedghaly {rPois rF+ rN+ Str+4}
                  | (Okawaru gifted it to you on level 3 of the Vaults)
 54980 | Vaults:3 | Reached skill level 27 in Bows
 54990 | Vaults:3 | Got a wavering golden ring
 54991 | Vaults:3 | Identified the cursed ring "Ulal" {Int+5 Dex-3} (You found
                  | it on level 3 of the Vaults)
 55090 | Vaults:3 | Identified the +0 pair of gloves of Valiance {*Contam
                  | *Drain Str+8} (You found it on level 3 of the Vaults)
 55294 | Vaults:3 | Reached XP level 22. HP: 152/195 MP: 33/33
 55660 | Vaults:3 | Found a staircase to the Crypt.
 56426 | Vaults:4 | Received a gift from Okawaru
 56429 | Vaults:4 | Identified the +0 pair of gloves of Wrong Decisions {rN++
                  | MR- Int+5} (Okawaru gifted it to you on level 4 of the
                  | Vaults)
 56637 | Vaults:4 | Identified the amulet of Bitola {Spirit Int+7 Dex+4 Slay-2}
 56670 | Vaults:4 | Found Elaom's Magic Scroll Shoppe.
 56707 | Vaults:4 | Bought a scroll of summoning for 104 gold pieces
 56707 | Vaults:4 | Bought a scroll of identify for 22 gold pieces
 56707 | Vaults:4 | Bought a scroll of enchant weapon for 82 gold pieces
 56707 | Vaults:4 | Bought a scroll of teleportation for 33 gold pieces
 56707 | Vaults:4 | Bought a scroll of teleportation for 33 gold pieces
 56967 | Vaults:4 | Found Ededanun's Antique Weapon Shoppe.
 57599 | Vaults:5 | Entered Level 5 of the Vaults
 57794 | Vaults:5 | Reached skill level 15 in Evocations
 57807 | Vaults:5 | Identified the +6 scale mail of Panentheism {Int+5}
 57825 | Vaults:5 | Received a gift from Okawaru
 58215 | Vaults:5 | Reached skill level 1 in Spellcasting
 58457 | Vaults:5 | Reached XP level 23. HP: 116/205 MP: 35/35
 58889 | Vaults:5 | Received a gift from Okawaru
 58976 | Vaults:5 | Received a gift from Okawaru
 59146 | Vaults:5 | Noticed Saint Roka
 59165 | Vaults:5 | Killed Saint Roka
 59186 | Vaults:5 | Received a gift from Okawaru
 59576 | Vaults:5 | Got a silver rune of Zot
 59952 | Vaults:5 | Received a gift from Okawaru
 60378 | D:14     | Fell from the grace of Okawaru
 60378 | D:14     | Became a worshipper of the Shining One
 60610 | Crypt:1  | Entered Level 1 of the Crypt
 60678 | Crypt:1  | Reached * piety under the Shining One
 60773 | Crypt:1  | Reached ** piety under the Shining One
 60860 | Crypt:1  | Reached *** piety under the Shining One
 60994 | Crypt:1  | Reached **** piety under the Shining One
 61181 | Crypt:1  | Reached ***** piety under the Shining One
 61961 | Crypt:2  | Paralysed by a lich for 2 turns
 62071 | Crypt:2  | Reached XP level 24. HP: 216/216 MP: 35/35
 62086 | Crypt:2  | Reached ****** piety under the Shining One
 62098 | Crypt:2  | Cast into level 2 of the Abyss (skeletal warrior)
 62099 | Abyss:2  | Identified a +7 longbow of holy wrath (a +5 longbow of
                  | flaming blessed by the Shining One)
 62099 | Abyss:2  | Received a gift from the Shining One
 62129 | Crypt:2  | Escaped the Abyss
 62183 | Crypt:2  | Reached skill level 5 in Spellcasting
 64106 | Crypt:3  | Entered Level 3 of the Crypt
 64928 | Crypt:3  | Found an ancient bone altar of Kikubaaqudgha.
 64928 | Crypt:3  | Noticed an ancient lich
 64929 | Crypt:3  | Paralysed by an ancient lich for 2 turns
 64940 | Crypt:3  | Killed an ancient lich
 65159 | Crypt:3  | Found a staircase to the Tomb.
 66106 | Tomb:1   | Entered Level 1 of the Tomb of the Ancients
 67571 | Tomb:1   | Noticed a greater mummy
 67584 | Tomb:1   | Killed a greater mummy
 67610 | Tomb:1   | Was forgiven by Okawaru
 68137 | Tomb:1   | Noticed a greater mummy
 68147 | Tomb:1   | Killed a greater mummy
 68681 | Depths:1 | Entered Level 1 of the Depths
 69011 | Depths:1 | Reached XP level 25. HP: 198/222 MP: 36/36
 69601 | Depths:1 | Found a gateway to Hell.
 70165 | Depths:1 | Found a one-way gate to the infinite horrors of the Abyss.
 70697 | Depths:2 | Found a runed translucent gate.
 70697 | Depths:2 | Found a runed translucent gate.
 70697 | Depths:2 | Found a runed translucent gate.
 70752 | Depths:2 | Found the +8 storm bow {elec}
 70797 | Depths:2 | Found a runed translucent gate.
 70797 | Depths:2 | Found a runed translucent gate.
 70797 | Depths:2 | Found a runed translucent gate.
 71165 | Depths:2 | Identified the +0 leather armour of the Cicada {-Cast -Tele
                  | rPois MR+++} (You found it on level 2 of the Depths)
 71322 | Depths:2 | Found Cyzxef's Hallowed Reliquary.
 71322 | Depths:2 | Found a white marble altar of Elyvilon.
 71354 | Depths:2 | Bought a potion of heal wounds for 80 gold pieces
 71354 | Depths:2 | Bought a potion of curing for 48 gold pieces
 71354 | Depths:2 | Bought a scroll of holy word for 120 gold pieces
 71354 | Depths:2 | Bought a scroll of holy word for 120 gold pieces
 71354 | Depths:2 | Bought a potion of heal wounds for 80 gold pieces
 71354 | Depths:2 | Bought a potion of curing for 48 gold pieces
 71354 | Depths:2 | Bought a potion of heal wounds for 80 gold pieces
 71850 | Depths:3 | Reached skill level 15 in Dodging
 72076 | Depths:3 | Found a one-way gate leading to the halls of Pandemonium.
 72221 | Depths:3 | Identified a scroll of acquirement
 72304 | Depths:3 | Identified the +2 centaur barding "Morrimyl" {*Drain rC+
                  | MR+++ Str+4} (You acquired it on level 3 of the Depths)
 72858 | Depths:3 | Found a gateway to a ziggurat.
 72858 | Depths:3 | Noticed an ancient lich
 72866 | Depths:3 | Killed an ancient lich
 72866 | Depths:3 | Reached XP level 26. HP: 223/233 MP: 35/36
 74274 | Depths:4 | Noticed a juggernaut
 74293 | Depths:4 | Killed a juggernaut
 74294 | Depths:4 | Noticed a juggernaut
 74302 | Depths:4 | Killed a juggernaut
 74304 | Depths:4 | Noticed a juggernaut
 74327 | Depths:4 | Killed a juggernaut
 74496 | Depths:4 | Identified the +7 dire flail of Defiance {distort, rC++
                  | Stlth-}
 74520 | Depths:4 | Reached skill level 15 in Armour
 74707 | Depths:4 | Reached XP level 27. HP: 196/243 MP: 33/37
 74741 | Depths:4 | Identified the Papyrus of Ensnaring Transformation
 74937 | Depths:4 | Reached skill level 10 in Spellcasting
 75217 | Depths:5 | Entered Level 5 of the Depths
 75812 | Depths:5 | Found a gate to the Realm of Zot.
 76414 | Zot:1    | Entered Level 1 of the Realm of Zot
 79834 | Zot:4    | HP: 8/250 [black draconian/bolt of lightning (12)]
 79838 | Zot:4    | The Shining One protects you from harm!
 79840 | Zot:4    | Mangled by a death cob

Skill      XL: |  1  2  3  4  5  6  7  8  9 10 11 12 13 14 15 16 17 18 19 20 21 22 23 24 25 26 27 |
---------------+----------------------------------------------------------------------------------+-----
Bows           | 6 7 9 10 11 13 15 16 17 18 19 20 21 22 23 24 25 27 | 27.0
Dodging        | 2 3 4 5 6 7 8 9 10 11 12 13 14 15 16 | 16.8
Fighting       | 3 4 6 7 8 9 10 11 12 13 14 15 16 17 18 19 20 21 | 21.0
Invocations    | 2 4 6 8 9 10 11 12 13 14 15 16 17 18 19 20 21 | 21.4
Evocations     | 2 4 5 6 7 8 9 10 11 12 14 15 16 17 18 | 18.0
Armour         | 1 3 4 5 6 7 8 9 10 11 12 13 14 15 16 | 16.0
Spellcasting   | 1 4 6 8 9 11 | 11.6
Stealth        | |  0.4

Action                   |  1- 3 |  4- 6 |  7- 9 | 10-12 | 13-15 | 16-18 | 19-21 | 22-24 | 25-27 || total
-------------------------+-------+-------+-------+-------+-------+-------+-------+-------+-------++-------
Melee: Longbow           |       |       |     1 |     1 |     1 |       |       |       |       ||     3
       Kick              |       |       |     1 |       |     1 |       |       |       |       ||     2
 Fire: Shortbow          |   106 |   222 |    46 |       |       |       |       |       |       ||   374
       Longbow           |       |       |   402 |   825 |  1442 |  1775 |  2156 |  2048 |  1684 || 10332
Invok: Finesse           |       |       |       |     1 |       |       |     3 |       |       ||     4
       Heroism           |       |       |       |     1 |       |       |     2 |       |       ||     3
       Brand Weapon With |       |       |       |       |       |       |       |     1 |       ||     1
       Summon Divine War |       |       |       |       |       |       |       |       |     3 ||     3
       Divine Shield     |       |       |       |       |       |       |       |       |     1 ||     1
 Abil: Evoke Flight      |       |       |       |       |       |       |       |     1 |       ||     1
Evoke: Wand              |       |       |       |     1 |       |     1 |     1 |       |     2 ||     5
  Use: Scroll            |       |       |     1 |     4 |    13 |     8 |    15 |     9 |     9 ||    59
       Potion            |       |       |       |     1 |    11 |       |     1 |     4 |     5 ||    22
  Eat: Chunk             |       |     6 |    11 |    12 |    24 |    24 |    15 |    13 |    25 ||   130
       Ration            |       |       |       |     2 |       |     3 |     5 |     6 |       ||    16
Armor: Leather armour    |    10 |    16 |    53 |   117 |       |       |       |       |       ||   196
       Plate armour      |       |       |       |       |   183 |   162 |   368 |   396 |   346 ||  1455
       Chain mail        |       |       |       |       |     2 |       |       |       |       ||     2
Dodge: Dodged            |    19 |    52 |   129 |   186 |    72 |    68 |   129 |   245 |   311 ||  1211
Block: Other             |       |     4 |     1 |       |       |       |       |       |    21 ||    26
